| TOP OF THE 1ST |
|
Corpus Christi Hooks batting - Pitching for Trenton Thunder : RHP Aneirin Cadwallader
|
|
Pitching: RHP Aneirin Cadwallader
|
|
|
Batting: LHB Kelvin Jones
|
0-0: Called Strike 0-1: Called Strike 0-2: DOUBLE (Line Drive, 89D, EV 110.0 MPH)
|
|
Batting: RHB Workneh Lagat
|
0-0: TRIPLE (Flyball, 9D, EV 108.1 MPH) Kelvin Jones scores
|
|
Batting: RHB Masaru Konno
|
0-0: Ball 1-0: Ball 2-0: Called Strike 2-1: DOUBLE (Line Drive, 8RXD, EV 105.0 MPH) Workneh Lagat scores
|
|
Batting: RHB Bruce Bermudez
|
0-0: SINGLE (Line Drive, 6D, EV 102.5 MPH) Masaru Konno to third
|
|
Batting: LHB Vinny Siebecker
|
0-0: Ball 1-0: Ball Bruce Bermudez is caught stealing 2nd base 2-6 2-0: Called Strike 2-1: Called Strike 2-2: Foul Ball, location: 2F 2-2: Strikes out swinging
|
|
Batting: LHB Bob Dietz
|
0-0: Ball 1-0: Called Strike 1-1: Called Strike 1-2: Ball 2-2: Ground out 6-3 (Groundball, 56D, EV 86.2 MPH)
|
| Top of the 1st over - 2 runs, 4 hits, 0 errors, 1 left on base; Corpus Christi 2 - Trenton 0 |
| BOTTOM OF THE 1ST |
|
Trenton Thunder batting - Pitching for Corpus Christi Hooks : RHP Salisbury Swanson
|
|
Pitching: RHP Salisbury Swanson
|
|
|
Batting: RHB Tim Osborn
|
0-0: Called Strike 0-1: Foul Ball, location: 2F 0-2: Ground out 5-3 (Groundball, 5, EV 101.9 MPH)
|
|
Batting: SHB Ryan Buchbinder
|
0-0: Ball 1-0: Ground out 6-3 (Groundball, 6, EV 77.5 MPH)
|
|
Batting: LHB Bobby Upton
|
0-0: Ball 1-0: Swinging Strike 1-1: Ball 2-1: Ball 3-1: Ground out 1-3 (Groundball, 13S, EV 63.8 MPH)
|
| Bottom of the 1st over - 0 runs, 0 hits, 0 errors, 0 left on base; Corpus Christi 2 - Trenton 0 |
| TOP OF THE 2ND |
|
Corpus Christi Hooks batting - Pitching for Trenton Thunder : RHP Aneirin Cadwallader
|
|
Batting: RHB Sam Spohn
|
0-0: Ball 1-0: Fly out, F8 (Flyball, 8RD, EV 95.6 MPH)
|
|
Batting: RHB Steve Moore
|
0-0: Called Strike 0-1: Foul Ball, location: 2F 0-2: Ball 1-2: Foul Ball, location: 2F 1-2: Ball 2-2: Ball 3-2: Fly out, F7 (Flyball, 7LSF, EV 81.2 MPH)
|
|
Batting: LHB Jimmy Edlin
|
0-0: Called Strike 0-1: Called Strike 0-2: Ground out 4-3 (Groundball, 4, EV 110.0 MPH)
|
| Top of the 2nd over - 0 runs, 0 hits, 0 errors, 0 left on base; Corpus Christi 2 - Trenton 0 |
| BOTTOM OF THE 2ND |
|
Trenton Thunder batting - Pitching for Corpus Christi Hooks : RHP Salisbury Swanson
|
|
Batting: RHB Jose Tovar
|
0-0: Called Strike 0-1: Swinging Strike 0-2: Strikes out swinging
|
|
Batting: RHB Larry Martell
|
0-0: Ball 1-0: Called Strike 1-1: Ground out U3 (Groundball, 34, EV 103.1 MPH)
|
|
Batting: RHB Christian Shearer
|
0-0: Called Strike 0-1: Fly out, F8 (Flyball, 8LM, EV 83.8 MPH)
|
| Bottom of the 2nd over - 0 runs, 0 hits, 0 errors, 0 left on base; Corpus Christi 2 - Trenton 0 |
| TOP OF THE 3RD |
|
Corpus Christi Hooks batting - Pitching for Trenton Thunder : RHP Aneirin Cadwallader
|
|
Batting: LHB Kelvin Jones
|
0-0: Ball 1-0: Ball 2-0: Called Strike 2-1: Ground out U3 (Groundball, 3L, EV 103.8 MPH)
|
|
Batting: RHB Workneh Lagat
|
0-0: Foul Ball, location: 2F 0-1: Ball 1-1: Ball 2-1: Ball 3-1: SINGLE (Line Drive, 56, EV 95.6 MPH)
|
|
Batting: RHB Masaru Konno
|
0-0: Grounds into double play, 6-4-3 (Groundball, 6, EV 106.9 MPH)
|
| Top of the 3rd over - 0 runs, 1 hit, 0 errors, 0 left on base; Corpus Christi 2 - Trenton 0 |
| BOTTOM OF THE 3RD |
|
Trenton Thunder batting - Pitching for Corpus Christi Hooks : RHP Salisbury Swanson
|
|
Batting: SHB David Stewart
|
0-0: SINGLE (Flyball, 4MD, EV 90.6 MPH)
|
|
Batting: RHB Nazeeh Zubair
|
0-0: Grounds into double play, 4-6-3 (Groundball, 34, EV 78.1 MPH)
|
|
Batting: RHB Ben Kidder
|
0-0: Ball 1-0: Ball 2-0: Swinging Strike 2-1: Fly out, F8 (Flyball, 8LM, EV 81.2 MPH)
|
| Bottom of the 3rd over - 0 runs, 1 hit, 0 errors, 0 left on base; Corpus Christi 2 - Trenton 0 |
| TOP OF THE 4TH |
|
Corpus Christi Hooks batting - Pitching for Trenton Thunder : RHP Aneirin Cadwallader
|
|
Batting: RHB Bruce Bermudez
|
0-0: SINGLE (Flyball, 8LS, EV 94.4 MPH)
|
|
Batting: LHB Vinny Siebecker
|
0-0: Fly out, F9 (Flyball, 9, EV 81.2 MPH)
|
|
Batting: LHB Bob Dietz
|
0-0: Ball Bruce Bermudez is caught stealing 2nd base 2-6 1-0: Called Strike 1-1: Swinging Strike 1-2: Strikes out swinging
|
| Top of the 4th over - 0 runs, 1 hit, 0 errors, 0 left on base; Corpus Christi 2 - Trenton 0 |
| BOTTOM OF THE 4TH |
|
Trenton Thunder batting - Pitching for Corpus Christi Hooks : RHP Salisbury Swanson
|
|
Batting: RHB Tim Osborn
|
0-0: Ball 1-0: Ball 2-0: SINGLE (Groundball, 4MD, EV 105.0 MPH)
|
|
Batting: SHB Ryan Buchbinder
|
0-0: Swinging Strike 0-1: Ball Tim Osborn steals 2nd base 1-1: Called Strike 1-2: Strikes out swinging
|
|
Batting: LHB Bobby Upton
|
0-0: Reached on error, E2 (Groundball, 13S, EV 69.4 MPH) Tim Osborn scores
|
|
Batting: RHB Jose Tovar
|
0-0: Swinging Strike 0-1: Ball 1-1: Fly out, F8 (Flyball, 8LXD, EV 84.4 MPH) Runner from 2nd tags up, SAFE at 3rd, no throw by CF
|
|
Batting: RHB Larry Martell
|
0-0: Fly out, F4 (Popup, 4MD, EV 45.6 MPH)
|
| Bottom of the 4th over - 1 run, 1 hit, 1 error, 1 left on base; Corpus Christi 2 - Trenton 1 |
| TOP OF THE 5TH |
|
Corpus Christi Hooks batting - Pitching for Trenton Thunder : RHP Aneirin Cadwallader
|
|
Batting: RHB Sam Spohn
|
0-0: SOLO HOME RUN (Flyball, 9D, EV 98.8 MPH), Distance : 383 ft
|
|
Batting: RHB Steve Moore
|
0-0: Ground out U3 (Groundball, 3, EV 87.5 MPH)
|
|
Batting: LHB Jimmy Edlin
|
0-0: Ball 1-0: Ball 2-0: Foul Ball, location: 2F 2-1: Swinging Strike 2-2: Foul Ball, location: 2F 2-2: Strikes out looking
|
|
Batting: LHB Kelvin Jones
|
0-0: Called Strike 0-1: Swinging Strike 0-2: Strikes out swinging
|
| Top of the 5th over - 1 run, 1 hit, 0 errors, 0 left on base; Corpus Christi 3 - Trenton 1 |
| BOTTOM OF THE 5TH |
|
Trenton Thunder batting - Pitching for Corpus Christi Hooks : RHP Salisbury Swanson
|
|
Batting: RHB Christian Shearer
|
0-0: Ground out 5-3 (Groundball, 5S, EV 68.8 MPH)
|
|
Batting: SHB David Stewart
|
0-0: Ball 1-0: Called Strike 1-1: Ball 2-1: Fly out, F7 (Flyball, 7, EV 78.8 MPH)
|
|
Batting: RHB Nazeeh Zubair
|
0-0: Ball 1-0: Fly out, F7 (Line Drive, 78M, EV 95.6 MPH)
|
| Bottom of the 5th over - 0 runs, 0 hits, 0 errors, 0 left on base; Corpus Christi 3 - Trenton 1 |
| TOP OF THE 6TH |
|
Corpus Christi Hooks batting - Pitching for Trenton Thunder : RHP Aneirin Cadwallader
|
|
Batting: RHB Workneh Lagat
|
0-0: Ball 1-0: Foul Ball, location: 2F 1-1: Ball 2-1: Ball 3-1: Foul Ball, location: 2F 3-2: DOUBLE (Line Drive, 7LM, EV 100.6 MPH)
|
|
Batting: RHB Masaru Konno
|
0-0: SINGLE (Groundball, 56D, EV 102.5 MPH) Workneh Lagat to third
|
|
Batting: RHB Bruce Bermudez
|
0-0: Ball 1-0: Ball 2-0: Foul Ball, location: 2F 2-1: Called Strike 2-2: Fly out, F7 (Flyball, 7D, EV 91.9 MPH) Runner from 3rd tags up, SCORES, throw by LF
|
|
Batting: LHB Vinny Siebecker
|
0-0: Ball 1-0: Ball 2-0: SINGLE (Groundball, 4MD, EV 96.2 MPH) Masaru Konno to second
|
|
Batting: LHB Bob Dietz
|
0-0: Ball 1-0: Ball 2-0: Ball 3-0: Called Strike 3-1: Foul Ball, location: 2F 3-2: Foul Ball, location: 2F 3-2: Foul Ball, location: 2F 3-2: Base on Balls Masaru Konno to third Vinny Siebecker to second
|
|
Pitching: RHP Jimmy Wilder
|
|
|
Batting: RHB Sam Spohn
|
0-0: Called Strike 0-1: Swinging Strike 0-2: Ball 1-2: Foul Ball, location: 2F 1-2: Foul Ball, location: 2F 1-2: Strikes out swinging
|
|
Batting: RHB Steve Moore
|
0-0: Ball 1-0: Ball 2-0: SINGLE (Groundball, 4MD, EV 108.1 MPH) Masaru Konno scores Vinny Siebecker to third Bob Dietz to second Runner from 3rd tries for Home, SAFE, throw by CF to home
|
|
Batting: LHB Jimmy Edlin
|
0-0: Swinging Strike 0-1: Ball 1-1: SINGLE (Line Drive, 89S, EV 108.1 MPH) Bob Dietz to third Steve Moore to second
|
|
Batting: LHB Kelvin Jones
|
0-0: Foul Ball, location: 2F 0-1: Ball 1-1: Ball 2-1: Foul Ball, location: 2F 2-2: Fly out, F5 (Popup, 5SF, EV 80.6 MPH)
|
| Top of the 6th over - 3 runs, 5 hits, 0 errors, 3 left on base; Corpus Christi 6 - Trenton 1 |
| BOTTOM OF THE 6TH |
|
Trenton Thunder batting - Pitching for Corpus Christi Hooks : RHP Salisbury Swanson
|
|
Batting: RHB Ben Kidder
|
0-0: Swinging Strike 0-1: Swinging Strike 0-2: Strikes out swinging
|
|
Batting: RHB Tim Osborn
|
0-0: Ball 1-0: Called Strike 1-1: Ball 2-1: Foul Ball, location: 2F 2-2: Foul Ball, location: 2F 2-2: Foul Ball, location: 2F 2-2: Ball 3-2: Foul Ball, location: 2F 3-2: Ground out 4-3 (Groundball, 4M, EV 86.9 MPH)
|
|
Batting: SHB Ryan Buchbinder
|
0-0: Ball 1-0: Ball 2-0: Foul Ball, location: 2F 2-1: SINGLE (Line Drive, 6D, EV 99.4 MPH)
|
|
Batting: LHB Bobby Upton
|
0-0: Ball 1-0: Ball 2-0: Called Strike 2-1: Ball 3-1: Base on Balls Ryan Buchbinder to second
|
|
Batting: RHB Jose Tovar
|
0-0: Foul Ball, location: 2F 0-1: Called Strike 0-2: Ball 1-2: Strikes out swinging
|
| Bottom of the 6th over - 0 runs, 1 hit, 0 errors, 2 left on base; Corpus Christi 6 - Trenton 1 |
| TOP OF THE 7TH |
|
Corpus Christi Hooks batting - Pitching for Trenton Thunder : RHP Jimmy Wilder
|
|
Batting: RHB Workneh Lagat
|
0-0: Ball 1-0: Foul Ball, location: 2F 1-1: Called Strike 1-2: Ball 2-2: Strikes out swinging
|
|
Pitching: LHP Josh Shaw
|
|
|
Batting: RHB Masaru Konno
|
0-0: Ball 1-0: Swinging Strike 1-1: Ground out 6-3 (Groundball, 6S, EV 61.9 MPH)
|
|
Batting: RHB Bruce Bermudez
|
0-0: Called Strike 0-1: Ground out 4-3 (Groundball, 4, EV 86.2 MPH)
|
| Top of the 7th over - 0 runs, 0 hits, 0 errors, 0 left on base; Corpus Christi 6 - Trenton 1 |
| BOTTOM OF THE 7TH |
|
Trenton Thunder batting - Pitching for Corpus Christi Hooks : RHP Salisbury Swanson
|
|
Batting: RHB Larry Martell
|
0-0: Ball 1-0: Ball 2-0: Ball 3-0: Swinging Strike 3-1: Called Strike 3-2: Foul Ball, location: 2F 3-2: Strikes out swinging
|
|
Batting: RHB Christian Shearer
|
0-0: Ball 1-0: Called Strike 1-1: Called Strike 1-2: Fly out, F7 (Flyball, 7LSF, EV 94.4 MPH)
|
|
Batting: SHB David Stewart
|
0-0: SINGLE (Groundball, 56S, EV 74.4 MPH) (infield hit)
|
|
Batting: RHB Nazeeh Zubair
|
0-0: Called Strike 0-1: Ground out 5-3 (Groundball, 5S, EV 85.0 MPH)
|
| Bottom of the 7th over - 0 runs, 1 hit, 0 errors, 1 left on base; Corpus Christi 6 - Trenton 1 |
| TOP OF THE 8TH |
|
Corpus Christi Hooks batting - Pitching for Trenton Thunder : LHP Josh Shaw
|
|
Batting: LHB Vinny Siebecker
|
0-0: Swinging Strike 0-1: Ball 1-1: Foul Ball, location: 2F 1-2: Reached on error, E4 (Groundball, 4S, EV 90.6 MPH)
|
|
Batting: LHB Bob Dietz
|
0-0: Called Strike Pickoff Throw by Catcher to First - Out! 0-1: Ball 1-1: Ground out 5-3 (Groundball, 5S, EV 63.1 MPH)
|
|
Batting: RHB Sam Spohn
|
0-0: Ball 1-0: Foul Ball, location: 2F 1-1: Ball 2-1: Foul Ball, location: 2F 2-2: Foul Ball, location: 2F 2-2: Ball 3-2: Foul Ball, location: 2F 3-2: Foul Ball, location: 2F 3-2: Foul Ball, location: 2F 3-2: Foul Ball, location: 2F 3-2: Fly out, F8 (Flyball, 8LD, EV 90.6 MPH)
|
| Top of the 8th over - 0 runs, 0 hits, 1 error, 0 left on base; Corpus Christi 6 - Trenton 1 |
| BOTTOM OF THE 8TH |
|
Trenton Thunder batting - Pitching for Corpus Christi Hooks : RHP Salisbury Swanson
|
|
Batting: RHB Ben Kidder
|
0-0: Foul Ball, location: 2F 0-1: Foul Ball, location: 2F 0-2: Strikes out swinging
|
|
Batting: RHB Tim Osborn
|
0-0: Ground out 4-3 (Groundball, 4, EV 89.4 MPH)
|
|
Batting: SHB Ryan Buchbinder
|
0-0: Called Strike 0-1: Foul Ball, location: 2F 0-2: Ball 1-2: Ball 2-2: Strikes out swinging
|
| Bottom of the 8th over - 0 runs, 0 hits, 0 errors, 0 left on base; Corpus Christi 6 - Trenton 1 |
| TOP OF THE 9TH |
|
Corpus Christi Hooks batting - Pitching for Trenton Thunder : LHP Josh Shaw
|
|
Batting: RHB Steve Moore
|
0-0: Fly out, F6 (Line Drive, 6, EV 68.8 MPH)
|
|
Batting: LHB Jimmy Edlin
|
0-0: Ball 1-0: Called Strike 1-1: Called Strike 1-2: Strikes out swinging
|
|
Batting: LHB Kelvin Jones
|
0-0: Called Strike 0-1: Ball 1-1: Ground out 4-3 (Groundball, 34, EV 100.6 MPH)
|
| Top of the 9th over - 0 runs, 0 hits, 0 errors, 0 left on base; Corpus Christi 6 - Trenton 1 |
| BOTTOM OF THE 9TH |
|
Trenton Thunder batting - Pitching for Corpus Christi Hooks : RHP Salisbury Swanson
|
|
Batting: LHB Bobby Upton
|
0-0: Called Strike 0-1: Ball 1-1: Ball 2-1: SINGLE (Groundball, 5S, EV 75.6 MPH) (infield hit)
|
|
Batting: RHB Jose Tovar
|
0-0: Foul Ball, location: 2F 0-1: Called Strike 0-2: Ball 1-2: Ball 2-2: Foul Ball, location: 2F 2-2: Strikes out swinging
|
|
Pitching: LHP Francisco de la Torre
|
|
|
Batting: RHB Larry Martell
|
0-0: Called Strike 0-1: Fielders Choice at 2nd, 4-6 (Groundball, 4, EV 108.1 MPH)
|
|
Batting: RHB Christian Shearer
|
0-0: Ball 1-0: Ball 2-0: Fly out, F7 (Flyball, 78M, EV 86.2 MPH)
|
| Bottom of the 9th over - 0 runs, 1 hit, 0 errors, 1 left on base; Corpus Christi 6 - Trenton 1 |
|